 Zot Defence DCSS version 0.15.2 (webtiles) character file.

2571 Fang the Cleaver (level 9, -6/111 HPs)
             Began as a Demonspawn Berserker on Sept 4, 2018.
             Was a Believer of Trog.
             Mangled by a manticore simulacrum (7 damage)
             ... in the Realm of Zot (Scenario I: Hall of Zot).
             The game lasted 00:07:27 (1782 turns).

Fang the Cleaver (Demonspawn Berserker)             Turns: 1782, Time: 00:07:27

HP  -6/111       AC  6     Str 25      XL: 9   Next: 32%
MP   9/9         EV 14     Int  9      God: Trog [**....]
Gold 0           SH  0     Dex 13      Spells:  0 memorised,  8 levels left

rFire  . . .     SeeInvis .     a - +0 hand axe
rCold  . . .     Clarity  .     b - +0 animal skin
rNeg   . . .     rCorr    .     (no shield)
rPois  .         rRot     +     (no helmet)
rElec  .         Spirit   .     (no cloak)
SustAb .         Warding  .     (no gloves)
rMut   .         Stasis   .     (no boots)
Gourm  .                        (no amulet)
MR     .....                    (no ring)
                                (no ring)

@: mighty, berserking, very quick, not resistant to hostile enchantments,
extremely unstealthy
A: hooves 2, iridescent scales 1, powered by pain 2, rot immunity
a: Make oklob sapling, Make arrow trap, Make plant, Remove Curse, Make burning
bush, Make altar, Make grenades, Make oklob plant, Make net trap, Make ice
statue, Burn Spellbooks, Berserk, Trog's Hand, Renounce Religion


You were in the Realm of Zot.
You worshipped Trog.
Trog was pleased with you.
You were not hungry.

You visited 1 branch

Inventory:

Hand weapons
 a - a +0 hand axe (weapon)
Armour
 b - a +0 animal skin (worn)
Comestibles
 d - a bread ration
 j - 2 rotting chunks of hobgoblin flesh
Scrolls
 i - a scroll of blinking
Potions
 c - 3 potions of curing
 f - a potion of haste
 g - 2 potions of magic
 h - a potion of berserk rage


   Skills:
 + Level 7.9 Fighting
 + Level 8.8 Axes
 + Level 2.3 Armour
 + Level 4.6 Dodging


You had 8 spell levels left.
You didn't know any spells.

Dungeon Overview and Level Annotations

Branches:
    Zot (1/1)

Altars:


Innate Abilities, Weirdness & Mutations

You have hoof-like feet.
You are partially covered in iridescent scales (AC +4).
You sometimes gain power by taking damage.
You are immune to rotting.


Message History

No target in view!
No target in view!
No target in view!
No target in view!
You start resting.
A manticore simulacrum comes into view.
Items here: % (( ))))))) [ A manticore simulacrum is nearby!
You see here a club.
The manticore simulacrum bites you!
You focus on the pain.
You feel very mighty all of a sudden. The manticore simulacrum freezes you!
The manticore simulacrum claws you. The manticore simulacrum freezes you!!
* * * LOW HITPOINT WARNING * * *
The manticore simulacrum barely misses you.
Use which ability? (? or * to list)
A red film seems to cover your vision as you go berserk!
You feel yourself moving faster!
You feel mighty! The manticore simulacrum bites you!
You die...

▓▓∆▓▓ ▓▓∆▓▓ ▓∆∆∆▓ ▓∆∆∆▓ ▓▓∆▓▓ ###
▓▓∆▓▓ ###▓▓▓ ########<########
▓▓▓### ...## #......<.<......#
##... ....## ##.............##
##.... .....## #......)......#
##..... ......# ##.....Z.....##
#...... ......# #.....@.....#
#...... ......# ##.....).....##
#...... ......# #.............#
#...... ......# ##....)).......##
#......
......###.....))).......###......
.....###...###########...###.....
....##....## ##....##....
........### ###........ #########
#########


You could see a manticore simulacrum.

Vanquished Creatures
  A wind drake (shapeshifter) (Zot)
  3 slime creatures (Zot)
  A centaur (Zot)
  An ogre (Zot)
  A big kobold (Zot)
  A hippogriff zombie (Zot)
  An orc priest (Zot)
  A centaur skeleton (Zot)
  A gnoll shaman (Zot)
  An ogre zombie (Zot)
  Jessica (Zot)
  A gnoll (Zot)
  An adder (Zot)
  2 shadow imps (Zot)
  An orc skeleton (Zot)
  4 giant geckos (Zot)
  2 oozes (Zot)
  An orc (Zot)
  4 ball pythons (Zot)
  3 giant cockroaches (Zot)
  A gnoll zombie (Zot)
  3 hobgoblins (Zot)
  4 bats (Zot)
  9 giant newts (Zot)
  A giant newt skeleton (Zot)
  2 goblins (Zot)
  A jackal (Zot)
  A jackal skeleton (Zot)
  9 kobolds (Zot)
  5 rats (Zot)
68 creatures vanquished.

Notes
Turn   | Place    | Note
--------------------------------------------------------------
     0 | Zot      | Fang, the Demonspawn Berserker, began the quest for the Orb.
     0 | Zot      | Reached XP level 1. HP: 18/18 MP: 1/1
   203 | Zot      | Gained mutation: You are immune to rotting. [demonic ancestry]
   203 | Zot      | Reached XP level 2. HP: 24/24 MP: 2/2
   301 | Zot      | Gained mutation: You sometimes gain a little power by taking damage. [demonic ancestry]
   301 | Zot      | Reached XP level 3. HP: 25/29 MP: 3/3
   500 | Zot      | Noticed Jessica
   509 | Zot      | Killed Jessica
   509 | Zot      | Reached XP level 4. HP: 23/37 MP: 4/4
   788 | Zot      | Reached skill level 4 in Axes
   801 | Zot      | Noticed Clei
   822 | Zot      | Killed Clei the centaur
   822 | Zot      | Gained mutation: You sometimes gain power by taking damage. [demonic ancestry]
   822 | Zot      | Reached XP level 5. HP: 41/43 MP: 5/5
   822 | Zot      | Gained mutation: You have large cloven feet. [demonic ancestry]
   822 | Zot      | Reached XP level 6. HP: 46/49 MP: 6/6
   872 | Zot      | Reached skill level 5 in Axes
   884 | Zot      | Acquired Trog's second power
   884 | Zot      | Reached skill level 5 in Fighting
   997 | Zot      | Gained mutation: You have hoof-like feet. [demonic ancestry]
   997 | Zot      | Reached XP level 7. HP: 17/56 MP: 7/7
  1401 | Zot      | Reached skill level 6 in Fighting
  1413 | Zot      | Gained mutation: You are partially covered in iridescent scales (AC +4). [demonic ancestry]
  1413 | Zot      | Reached XP level 8. HP: 33/64 MP: 8/8
  1669 | Zot      | Noticed a slime creature
  1681 | Zot      | Noticed a slime creature
  1688 | Zot      | Noticed a slime creature
  1694 | Zot      | Killed a slime creature
  1694 | Zot      | Reached skill level 7 in Axes
  1698 | Zot      | Noticed a swamp dragon
  1698 | Zot      | a tarantella changed into a swamp dragon
  1705 | Zot      | Killed a slime creature
  1705 | Zot      | Reached skill level 8 in Axes
  1712 | Zot      | Noticed a wind drake
  1712 | Zot      | a swamp dragon changed into a wind drake
  1734 | Zot      | Killed a wind drake
  1734 | Zot      | Reached XP level 9. HP: 46/72 MP: 9/9
  1749 | Zot      | Killed a slime creature
  1781 | Zot      | HP: 1/74 [manticore simulacrum (25)]
  1782 | Zot      | Mangled by a manticore simulacrum

Action                   |  1- 3 |  4- 6 |  7- 9 || total
-------------------------+-------+-------+-------++-------
Melee: Hand axe          |   106 |    60 |   111 ||   277
Invok: Berserk           |       |     1 |     2 ||     3
  Use: Potion            |       |       |     1 ||     1
